 Dungeon Crawl Stone Soup version 0.31-a0-45-g5f0c076935 (webtiles) character file.

Game seed: 11925517888283066947

47 ytrimaz the Trooper (level 3, -2/58 HPs)
             Began as an Ogre Gladiator on May 22, 2023.
             Succumbed to a scorpion's poison
             ... on level 3 of the Dungeon.
             The game lasted 00:02:18 (1881 turns).

ytrimaz the Trooper (Ogre Gladiator)                Turns: 1881, Time: 00:02:19

Health: -2/58      AC: 21    Str: 20    XL:     3   Next: 70%
Magic:  3/3        EV:  1    Int:  9    God:
Gold:   215        SH:  0    Dex: 10    Spells: 2/2 levels left

rFire   . . .        a - +0 flail
rCold   . . .        (no shield)
rNeg    . . .        b - melded +0 robe
rPois   +            c - melded +0 hat
rElec   .            (cloak currently unavailable)
rCorr   .            (gloves unavailable)
SInv    .            (boots unavailable)
Will    .....        (no amulet)
Stlth   +            (no ring)
HPRegen 0.29/turn    (no ring)
MPRegen 0.08/turn

%: no passive effects
@: lethally poisoned (-2 -> -27), tree-form
A: stationary, stasis, torment immunity, boosted hp, large, unfitting armour,
(tough skin 1)
a: no special abilities


You were on level 3 of the Dungeon.
You were a tree.
You visited 1 branch of the dungeon, and saw 3 of its levels.

You collected 215 gold pieces.


Innate Abilities, Weirdness & Mutations

You are a tree.
Your roots penetrate the ground, keeping you stationary.
You cannot be teleported.
You are immune to unholy pain and torment.
Your maximum health is greatly increased.
Your equipment is partially melded.
You are too large for most types of armour.
((You have tough skin. (AC +1)))


   Skills:
 + Level 3.7 Fighting
 + Level 3.2 Maces & Flails
 + Level 2.8 Throwing
 - Level 2.6 Dodging


You had 2 spell levels left.
You didn't know any spells.
Your spell library was empty.

Inventory:

Hand Weapons
 a - a +0 flail (weapon)
Missiles
 d - a throwing net (quivered)
Armour
 b - a +0 robe (melded)
 c - a +0 hat (melded)
Wands
 n - a wand of paralysis (11)
   (You found it on level 2 of the Dungeon)
Scrolls
 g - 2 scrolls of identify {unknown}
 h - a scroll of vulnerability {unknown}
 i - a scroll of immolation {unknown}
 k - a scroll of teleportation {unknown}
 p - a scroll of acquirement {unknown}
Potions
 e - a potion of flight {unknown}
 f - a potion of lignification
 l - a potion of berserk rage {unknown}
 m - a potion of mutation {unknown}
 o - a potion of invisibility {unknown}
 q - a potion of degeneration {unknown}

Dungeon Overview and Level Annotations

Branches:
Dungeon (3/15) Zot: 16090

Altars:

.....###########..#..
#.....)...........
##..#####....###.# .
##..ā€ <##...## .. .#
#.........## .# ...
#....#####....###.#....
...### ###..ā€ #....#
.. ###.#......# .
#..(.sā™£....#
#....#...#......
#...##.###.....<
........# ....[
.....[.. .... .......#
.... ..... # ....


You could see a scorpion.


Message History

šŸ˜® HP[+2]
You now have 39 max hp (+2).
You regained 2 hp, and now have 29/39 hp.
j - a large rock You see here a worm corpse. šŸ˜• HP[+1]
An orc comes into view. It is wielding a +0 hand axe.
The orc shouts! šŸ˜Ž HP[+9]
Your hp is fully restored (39).
An orc is nearby!
An orc is nearby!
An orc is nearby!
The orc barely misses you.
You hit the orc. The orc barely misses you.
You completely miss the orc. The orc completely misses you.
You closely miss the orc. The orc closely misses you.
You barely miss the orc.
The orc hits you with a +0 hand axe. šŸ˜• HP[-1]
You take 1 damage, and now have 38/39 hp.
Unknown command.
You closely miss the orc. The orc closely misses you.
The orc hits you with a +0 hand axe.
You sock the orc!
You kill the orc!
Things that are here:
a +0 hand axe; 2 boomerangs No target in view!
Unknown command.
A bat comes into view. šŸ˜Ž HP[+1]
Your hp is fully restored (39).
A bat is nearby!
A bat is nearby!
The bat misses you.
You hit the bat.
You kill the bat!
A scorpion comes into view.
You see here a bat corpse.
Found a scale mail.
Found a stone staircase leading up.
A scorpion is nearby!
Throw: large rock
Press: ? - help, Q - select action, (/) - cycle Shift-Dir - straight line, f - scorpion
Aim: a scorpion (57% to hit)
You throw a large rock. The large rock hits the scorpion.
You hit the scorpion. The scorpion stings you.
You are poisoned.
The scorpion poisons you! The scorpion stings you. šŸ˜• HP[-7]
You take 7 damage, and now have 32/39 hp.
You completely miss the scorpion.
You feel sick. The scorpion stings you!
You are more poisoned.
The scorpion poisons you! šŸ˜® HP[-8]
You take 8 damage, and now have 24/39 hp.
MASSIVE DAMAGE!! (PAUSE) Throw: 2 throwing nets
Press: ? - help, Q - select action, (/) - cycle Shift-Dir - straight line, f/p - scorpion
Aim: a scorpion (lightly wounded, 57% to hit)
You throw a throwing net. The throwing net hits the scorpion.
The scorpion is caught in the net!
You feel very sick.
The scorpion struggles against the net. šŸ˜® HP[-4]
You take 4 damage, and now have 20/39 hp.
Unknown command.
You sock the scorpion!
You feel very sick.
The scorpion struggles against the net. x2 šŸ˜Ø HP[-4]
You take 4 damage, and now have 16/39 hp.
You catch the helpless scorpion completely off-guard!
You hit the scorpion.
You feel very sick.
The scorpion struggles against the net. šŸ˜Ø HP[-2]
You take 2 damage, and now have 14/39 hp.
Unknown command.
You barely miss the scorpion.
You feel sick.
The scorpion struggles against the net.
The net rips apart, and the scorpion comes free!
The scorpion stings you.
* * * LOW HITPOINT WARNING * * *
You are lethally poisoned!
The scorpion poisons you! šŸ˜± HP[-5]
You take 5 damage, and now have 9/39 hp.
You closely miss the scorpion.
* * * LOW HITPOINT WARNING * * *
You feel very sick. The scorpion stings you.
* * * LOW HITPOINT WARNING * * *
You are more poisoned.
The scorpion poisons you! šŸ˜± HP[-7]
You take 7 damage, and now have 2/39 hp.
It was a potion of lignification.
You turn into a tree.
Your +0 hat melds into your body.
Your +0 robe melds into your body.
Your roots penetrate the ground.
You die...

Skill      XL: |  1  2 |
---------------+-------+-----
Fighting       | 3 |  3.7
Maces & Flails | 3 |  3.2
Throwing       | |  2.8
Dodging        | |  2.6

Action                     || total
---------------------------++-------
  Melee: Flail             ||   102
         Punch             ||     1
  Throw: Throwing net      ||     2
         Large rock        ||     3
    Use: Potion            ||     1
   Stab: Held in net/web   ||     1
 Armour: Robe              ||    22
  Dodge: Dodged            ||    48

Levels and vault maps discovered:
D:1:      nzn_arrival_crosshair, layout_basic, minmay_gold_behind_fungi,
          kennysheep_pointless_box
D:2:      minmay_wonky_spiral, layout_basic, amethyst_killhole
D:3:      layout_rooms

Notes
Turn   | Place    | Note
-------+----------+-------------------------------------------
     0 | D:1      | ytrimaz the Ogre Gladiator began the quest for the Orb.
     0 | D:1      | Reached XP level 1. HP: 22/22 MP: 1/1
     0 | D:1      | magus.rc [v1.9.6]
    37 | D:1      | HP: 5/22 [ball python (1)]
   223 | D:1      | Reached skill level 3 in Fighting
   280 | D:1      | Reached XP level 2. HP: 31/31 MP: 2/2
   470 | D:1      | Reached skill level 3 in Maces & Flails
  1083 | D:2      | Reached XP level 3. HP: 18/37 MP: 3/3
  1869 | D:3      | Noticed a scorpion
  1879 | D:3      | HP: 9/39 [scorpion (3)]
  1880 | D:3      | HP: 4/39 [poisoned by a scorpion]
  1881 | D:3      | Succumbed to a scorpion's poison

Vanquished Creatures
  An adder (D:2)
  2 worms
  An orc (D:3)
  6 ball pythons
  2 bats
  2 endoplasms
  4 goblins
  2 hobgoblins
  6 kobolds
  A frilled lizard (D:1)
  2 rats
29 creatures vanquished.

Table legend:
 A = Non-vault XP
 B = Vault XP
 C = Vault XP percentage of total XP
 D = Non-vault monster count
 E = Vault monster count
 F = Vault count percentage of total count
                 A         B        C        D         E       F
            +---------+---------+-------+---------+---------+-------
      Total |      47 |      21 |  30.9 |      25 |       4 |  13.8
            +---------+---------+-------+---------+---------+-------
        D:1 |      25 |       0 |   0.0 |      15 |       0 |   0.0
        D:2 |      13 |      21 |  61.8 |       7 |       4 |  36.4
        D:3 |       9 |       0 |   0.0 |       3 |       0 |   0.0
            +---------+---------+-------+---------+---------+-------

Skill      XL: |  1  2 |
---------------+-------+-----
Fighting       | 3 |  3.7
Maces & Flails | 3 |  3.2
Throwing       | |  2.8
Dodging        | |  2.6

Action                     || total
---------------------------++-------
  Melee: Flail             ||   102
         Punch             ||     1
  Throw: Throwing net      ||     2
         Large rock        ||     3
    Use: Potion            ||     1
   Stab: Held in net/web   ||     1
 Armour: Robe              ||    22
  Dodge: Dodged            ||    48

Illustrated notes

Table legend:
 A = Kills in this place as a percentage of kills in the entire game.
 B = Kills by you in this place as a percentage of kills by you in the entire game.
 C = Kills by friends in this place as a percentage of kills by friends in the entire game.
 D = Other kills in this place as a percentage of other kills in the entire game.
 E = Experience gained in this place as a percentage of experience gained in the entire game.
 F = Experience gained in this place divided by the number of levels of this place that you have seen.
                   A       B       C       D       E      F
               +-------+-------+-------+-------+-------+----------------------
         Total | 100.0 | 100.0 |   N/A |   N/A | 100.0 |  22.7
       Dungeon | 100.0 | 100.0 |   N/A |   N/A | 100.0 |  22.7
               +-------+-------+-------+-------+-------+----------------------

Table legend: (Time is in decaauts)
 A = Elapsed time spent in this place.
 B = Non-inter-level travel time spent in this place.
 C = Inter-level travel time spent in this place.
 D = Time resting spent in this place.
 E = Time spent auto-exploring this place.
 F = Levels seen in this place.
 G = Mean time per level.
                   A        B        C        D        E       F      G
               +--------+--------+--------+--------+--------+-----+--------+
         Total |   1909 |   1887 |     22 |      0 |   1608 |   3 |  636.3 |
       Dungeon |   1909 |   1887 |     22 |      0 |   1608 |   3 |  636.3 |
               +--------+--------+--------+--------+--------+-----+--------+

Top non-repeatable levels by time:
     D:2: 953 daAuts
     D:1: 875 daAuts
     D:3: 81 daAuts
